 Dungeon Crawl Stone Soup version 0.26.0-10-g1f06aea511 (webtiles) character file.

Game seed: 6271602195152919616

12 MajorAdolf the Sneak (level 2, -6/25 HPs)
             Began as a Naga Wanderer on Jan 16, 2021.
             Mangled by a worm (11 damage)
             ... on level 2 of the Dungeon.
             The game lasted 00:00:44 (970 turns).

MajorAdolf the Sneak (Naga Wanderer)                 Turns: 970, Time: 00:00:45

Health: -6/25      AC:  1    Str: 15    XL:     2   Next: 33%
Magic:  5/5        EV:  9    Int: 12    God:
Gold:   68         SH:  0    Dex:  9    Spells: 4/5 levels left

rFire    . . .     SeeInvis +   a - +2 spear
rCold    . . .     Faith    .   (no shield)
rNeg     . . .     Spirit   .   d - +0 robe
rPois    +         Reflect  .   (no helmet)
rElec    .         Harm     .   (no cloak)
rCorr    .         Rampage  .   (no gloves)
Will     .....                  (no barding)
Stlth    ++........             (no amulet)
HPRegen  0.08/turn              (no ring)
MPRegen  0.09/turn              (no ring)

@: short of breath, very slow
A: large, see invisible, deformed body, poison resistance, slowness 2, spit
poison 1, AC +0
a: Spit Poison


You were on level 2 of the Dungeon.
You visited 1 branch of the dungeon, and saw 2 of its levels.

You collected 68 gold pieces.

Inventory:

Hand Weapons
 a - a +2 spear (weapon)
 e - a +0 dagger
Armour
 d - a +0 robe (worn)
Scrolls
 c - a scroll of teleportation
 h - a scroll of amnesia {unknown}
 i - a scroll of blinking {unknown}
 j - a scroll of identify {unknown}
 k - a scroll of fear {unknown}
 n - a scroll of remove curse {unknown}
Potions
 b - a potion of brilliance {unknown}
 f - a potion of degeneration {unknown}
 g - a potion of attraction {unknown}
 l - a potion of might {unknown}
 m - 3 potions of berserk rage {unknown}


   Skills:
 + Level 1.5 Fighting
 - Level 2.0 Polearms
 + Level 0.7 Armour
 + Level 0.7 Dodging
 - Level 3.0 Stealth
 - Level 1.0 Shields
 - Level 2.0 Spellcasting
 - Level 1.0 Conjurations
 - Level 1.0 Evocations


You had 4 spell levels left.
You knew the following spells:

 Your Spells              Type           Power        Failure   Level
a - Shock                 Conj/Air       8%           22%         1

Your spell library contained the following spells:

 Spells                   Type           Power        Failure   Level
 Static Discharge         Conj/Air       2%           54%         3


Dungeon Overview and Level Annotations

Branches:
Dungeon (2/15)

Altars:


Innate Abilities, Weirdness & Mutations

You cannot wear boots.
Your serpentine skin is tough. (AC +0)
You have supernaturally acute eyesight. (SInv)
Armour fits poorly on your strangely shaped body.
Your system is resistant to poisons. (rPois)
You cover ground very slowly.
You can spit poison.


Message History

The worm bites you!
You hit the worm.
The worm is heavily wounded.
The worm bites you!
* * * LOW HITPOINT WARNING * * *
You are too injured to fight recklessly!
Unknown command.
Press: ? - help, Shift-Dir - straight line, f/p - worm
Aim: a worm (moderately wounded)
The splash of poison misses the worm.
A leopard gecko comes into view.
You have got your breath back.
Press: ? - help, Shift-Dir - straight line, f/p - worm
Aim: a worm (lightly wounded)
The splash of poison hits the worm!
The worm is poisoned.
The worm is heavily wounded.
The leopard gecko bites you.
* * * LOW HITPOINT WARNING * * *
The worm bites you!
You die...

##.....##..
##..........
#...<.......
#.........[.
#.......?...
#...........
#...........
#...........
##.w@.......
##.l...##..
#####.# ##
..# #.# ..
..


You could see a worm (poisoned) and a leopard gecko.

Vanquished Creatures
  2 goblins (D:1)
  3 hobgoblins (D:1)
  2 bats (D:1)
  A frilled lizard (D:1)
  5 rats (D:1)
13 creatures vanquished.

Notes
Turn   | Place    | Note
-------+----------+-------------------------------------------
     0 | D:1      | MajorAdolf the Naga Wanderer began the quest for the Orb.
     0 | D:1      | MajorAdolf set off with the following items: a +2 spear, a
                  | scroll of teleportation, a +0 robe, a +0 dagger; and the
                  | following spell memorised: Shock; and the following spells
                  | available to memorise: Static Discharge
     0 | D:1      | Reached XP level 1. HP: 18/18 MP: 3/3
   617 | D:1      | Reached XP level 2. HP: 25/25 MP: 5/5
   970 | D:2      | Mangled by a worm

Illustrated notes

Levels and vault maps discovered:
D:1:      matt_arrival_diagonals, layout_rooms, minmay_misc_feat_plants,
          minmay_misc_feat_nine_boxes, chequers_serial_rivers_small_b
D:2:      layout_rooms, overflow_temple_1_default

Action                   || total
-------------------------++-------
Melee: Spear             ||    43
 Abil: Spit Poison       ||     4
Armor: Robe              ||     2
Dodge: Dodged            ||    10
